 Dungeon Crawl Stone Soup version 0.19.0-22-gd96e5fe (webtiles) character file.

41704 endtime the Fencer (level 13, -7/97 HPs)
             Began as a High Elf Fighter on Nov 19, 2016.
             Was a High Priest of Okawaru.
             Mangled by a sun demon (22 damage)
             ... on level 6 of the Lair of Beasts.
             The game lasted 00:58:27 (21589 turns).

endtime the Fencer (High Elf Fighter)              Turns: 21589, Time: 00:58:27

Health: -7/97      AC: 13    Str: 25    XL:     13   Next: 81%
Magic:  28/28      EV: 14    Int: 13    God:    Okawaru [*****.]
Gold:   966        SH: 24    Dex: 15    Spells: 0 memorised, 12 levels left

rFire  + . .     SeeInvis .     e - +1 falchion "Waog" {drain, MR- MP+9 Str+3}
rCold  + . .     Gourm    .     A - +1 leather armour of the Wheelwright {rCorr}
rNeg   + . .     Faith    .     U - +2 shield
rPois  +         Spirit   .     (helmet restricted)
rElec  .         Reflect  +     z - +2 ratskin cloak {rPois rN+ Int-1 Dex-1}
rCorr  +         Harm     .     (no gloves)
MR     +....                    t - +2 pair of boots
Stlth  +++.......               h - +4 amulet of reflection
                                n - ring of protection from magic
                                T - +4 ring of strength

@: about to teleport, heroism
A: horns 2, large bone plates 1, blink, cold resistance 1, fire resistance 1
a: Blink, Heroism, Finesse, Renounce Religion


You were on level 6 of the Lair of Beasts.
You worshipped Okawaru.
Okawaru was extremely pleased with you.
You were not hungry.

You visited 3 branches of the dungeon, and saw 19 of its levels.

You collected 1022 gold pieces.
You spent 56 gold pieces at shops.

Inventory:

Hand Weapons
 a - a +2 long sword
 e - the +1 falchion "Waog" (weapon) {drain, MR- MP+9 Str+3}
   (Okawaru gifted it to you on level 6 of the Lair of Beasts)

   A truly terrible weapon, it drains the life of those it strikes.
   It affects your strength (+3).
   It affects your resistance to hostile enchantments.
   It affects your magic capacity (+9).
Missiles
 c - 6 needles of confusion
Armour
 t - a +2 pair of boots (worn)
 z - the +2 ratskin cloak (worn) {rPois rN+ Int-1 Dex-1}
   (You found it on level 7 of the Dungeon)

   It affects your intelligence (-1).
   It affects your dexterity (-1).
   It protects you from poison.
   It protects you from negative energy.
 A - the +1 leather armour of the Wheelwright (worn) {rCorr}
   (You found it on level 8 of the Dungeon)

   It protects you from acid and corrosion.
 U - a +2 shield (worn)
Jewellery
 h - a +4 amulet of reflection (around neck)
 n - a ring of protection from magic (right hand)
 E - an uncursed amulet of rage {unknown}
 F - an uncursed ring of protection from fire
 T - a +4 ring of strength (left hand)
Wands
 b - a wand of iceblast (7/15)
 f - a wand of lightning (0/15)
 q - a wand of paralysis (10/24)
 u - a wand of polymorph (16/24)
 v - a wand of confusion (24/48)
 y - a wand of lightning (4/15)
 H - a wand of flame (0/48)
 M - a wand of lightning (7/15)
 O - a wand of paralysis (20/24)
 P - a wand of enslavement (9/24)
 Q - a wand of disintegration (0/24)
Scrolls
 g - 2 scrolls of fog
 k - 6 scrolls of remove curse
 o - 4 scrolls of enchant armour
 s - 3 scrolls of amnesia
 w - 4 scrolls of magic mapping
 x - 3 scrolls of teleportation
 D - 3 scrolls of recharging
 I - a scroll of torment
Potions
 d - 3 potions of might
 i - 4 potions of curing
 j - 5 potions of lignification
 l - 2 potions of haste
 m - 3 potions of berserk rage
 p - 3 potions of resistance
 r - a potion of heal wounds
 C - 2 potions of cancellation
 G - a potion of agility
 K - 2 potions of cure mutation
 L - a potion of ambrosia {unknown}
 N - 2 potions of flight
 S - 2 potions of brilliance
Comestibles
 B - 12 bread rations
 J - 2 meat rations


   Skills:
 - Level 12.0(17.0) Fighting
 - Level 15.9(20.9) Long Blades
 - Level 10.9(15.9) Armour
 - Level 9.1(14.1) Shields
 * Level 7.3 Invocations


You had 12 spell levels left.
You didn't know any spells.

Dungeon Overview and Level Annotations

Branches:
Dungeon (12/15)            Temple (1/1) D:6            Lair (6/6) D:8
 Shoals (0/4) Lair:2        Snake (0/4) Lair:2        Slime (0/5) Lair:5
    Orc: D:9-12

Altars:
Ashenzari
Cheibriados
Dithmenos
Elyvilon
Gozag
Kikubaaqudgha
Makhleb
Nemelex Xobeh
Okawaru
Qazlal
Ru
Sif Muna
Uskayaw
Vehumet
Xom
Zin
The Shining One
Beogh

Shops:
D:8 [   D:12 ?

Annotations:
D:4 1 runed door
D:9 exclusion: ice statue


Innate Abilities, Weirdness & Mutations

You have a pair of horns on your head.
You are partially covered in large bone plates. (SH +4)
You can translocate small distances at will.
Your flesh is cold resistant. (rC+)
Your flesh is heat resistant. (rF+)


Message History

The hellwing is lightly wounded.
A red devil comes into view. It is wielding a trident.
As you read the scroll of teleportation, it crumbles to dust.
You feel strangely unstable. The hellwing hits you!
* * * LOW HITPOINT WARNING * * *
You block the hellwing's attack.
The red devil moves out of view.
You hit the hellwing but do no damage.
The hellwing is lightly wounded.
You block the hellwing's attack. x2; The sun demon closely misses you.
You riposte.
You hit the sun demon but do no damage. You closely miss the hellwing.
The hellwing is lightly wounded.
You closely miss the hellwing.
The hellwing is lightly wounded.
The sun demon misses you.
You riposte.
You miss the sun demon. Your headbutt misses the sun demon.
You block the hellwing's attack. x2
You closely miss the hellwing.
The hellwing is lightly wounded.
The sun demon hits you!!
You die...

## §§§ ≈§§≈############
≈§§....#@....... ♣
4§§...4#348.8... ♣♣
.._34.444..8.8.. ♣.
......4#).8.8... ♣.
.......#...8.8.. ♣♣
###############..8.8... ♣
#.............'...8.8..
#....8....8...#........
#.............#########+♣♣♣♣♣


You could see a sun demon, a hellwing, 2 ice devils and a red devil.

Vanquished Creatures
  Rupert (Lair:3)
  A dire elephant (Lair:6)
  Harold (D:11)
  A centaur warrior (D:10)
  2 hydras
  A sixfirhy (Lair:6)
  4 hill giants
  A wizard (Lair:6)
  7 elephants
  A cyclops (D:10)
  A centaur zombie (D:12)
  4 black mambas (Lair:6)
  2 torpor snails
  Psyche (D:8)
  3 gargoyles
  An orange demon (Lair:6)
  9 komodo dragons
  A rime drake (Lair:6)
  11 spiny frogs
  2 ice devils (Lair:6)
  A merfolk (D:11)
  A polar bear (Lair:6)
  A troll (D:9)
  A two-headed ogre (D:11)
  10 blink frogs
  7 hippogriffs
  A hornet (D:11)
  8 dream sheep
  4 wyverns
  A wraith (D:10)
  33 yaks
  A basilisk (Lair:5)
  Menkaure (D:7)
  Duvessa (D:5)
  10 water moccasins
  9 porcupines
  An orc warrior (D:7)
  2 sky beasts
  A phantom (D:11)
  A black bear (D:8)
  2 necrophages
  2 ogres
  4 centaurs
  12 wolves
  7 crocodiles
  Blork the orc (D:5)
  A big kobold (D:10)
  19 bullfrogs
  A gnoll sergeant (D:11)
  2 wyvern zombies
  2 wyvern skeletons
  Dowan (D:5)
  2 scorpions
  11 wights
  5 howler monkeys
  4 crimson imps
  A quasit (D:9)
  3 centaur skeletons
  3 hounds
  6 jellies
  3 bullfrog skeletons
  5 orc priests
  6 orc wizards
  5 iguanas
  6 worker ants
  A hound skeleton (D:9)
  2 worker ant zombies
  A howler monkey skeleton (D:7)
  10 gnolls
  15 adders
  A river rat (D:8)
  4 shadow imps
  4 oozes
  An adder zombie (D:6)
  2 worms
  2 dart slugs
  3 leopard geckos
  26 orcs
  4 giant cockroaches
  4 goblins
  6 hobgoblins
  20 jackals
  3 quokkas
  A ball python (D:3)
  A ball python skeleton (D:4)
  11 bats
  6 frilled lizards
  A giant cockroach zombie (D:6)
  A jackal zombie (D:7)
  11 kobolds
  2 leopard gecko skeletons
  11 rats
  A fungus (Lair:6)
419 creatures vanquished.

Vanquished Creatures (others)
  3 centaurs
  A wight (D:10)
  16 fungi
  4 plants (Lair:6)
24 creatures vanquished.

Grand Total: 443 creatures vanquished

Notes
Turn   | Place    | Note
-------+----------+-------------------------------------------
     0 | D:1      | endtime the High Elf Fighter began the quest for the Orb.
     0 | D:1      | Reached XP level 1. HP: 16/16 MP: 2/2
   304 | D:1      | Reached XP level 2. HP: 21/21 MP: 3/3
   612 | D:2      | Reached XP level 3. HP: 18/27 MP: 4/4
   798 | D:2      | Gained mutation: You are partially covered in large bone plates. (SH +4) [potion of mutation]
   798 | D:2      | Gained mutation: You have a pair of small horns on your head. [potion of mutation]
   798 | D:2      | Gained mutation: Your flesh is cold resistant. (rC+) [potion of mutation]
   845 | D:2      | Found a sacrificial altar of Ru.
  1412 | D:3      | Found a snail-covered altar of Cheibriados.
  1442 | D:3      | Reached XP level 4. HP: 34/34 MP: 5/5
  1581 | D:3      | Reached skill level 5 in Fighting
  1776 | D:3      | Found a faded altar of an unknown god.
  2071 | D:3      | Found a white marble altar of Elyvilon.
  2461 | D:4      | Reached XP level 5. HP: 35/41 MP: 6/6
  2836 | D:4      | HP: 1/41 [gnoll/wand of lightning (15)]
  3077 | D:4      | Reached XP level 6. HP: 24/47 MP: 7/7
  3125 | D:4      | Found a runed door.
  3180 | D:4      | Noticed a wyvern
  3198 | D:4      | Killed a wyvern
  3216 | D:4      | Found an ancient bone altar of Kikubaaqudgha.
  3415 | D:4      | Found a deep blue altar of Sif Muna.
  3417 | D:4      | Found a radiant altar of Vehumet.
  3421 | D:4      | Identified Sif Muna's Collected Works on Moulding
  3555 | D:5      | Entered Level 5 of the Dungeon
  3561 | D:5      | Reached XP level 7. HP: 55/55 MP: 8/8
  3848 | D:5      | Found a burning altar of Makhleb.
  4015 | D:5      | Found a sparkling altar of Nemelex Xobeh.
  4117 | D:5      | Noticed Blork the orc
  4130 | D:5      | Killed Blork the orc
  4136 | D:5      | Noticed Duvessa
  4152 | D:5      | Noticed Dowan
  4152 | D:5      | Killed Duvessa
  4162 | D:5      | Killed Dowan
  4162 | D:5      | Reached XP level 8. HP: 33/64 MP: 9/9
  4413 | D:6      | Reached skill level 10 in Fighting
  4760 | D:7      | Noticed Menkaure
  4773 | D:7      | Killed Menkaure
  5394 | D:7      | Reached XP level 9. HP: 73/73 MP: 10/10
  5606 | D:8      | Found Xareidaulo's Armour Shop.
  5964 | D:6      | Found a staircase to the Ecumenical Temple.
  6033 | D:6      | Reached skill level 3 in Long Blades
  6437 | D:8      | Got a shimmering leather armour
  6448 | D:8      | Identified the +1 leather armour of the Wheelwright {rCorr} (You found it on level 8 of the Dungeon)
  6496 | D:7      | Reached skill level 4 in Long Blades
  6756 | Temple   | Entered the Ecumenical Temple
  6898 | Temple   | Became a worshipper of Warmaster Okawaru
  7033 | D:8      | Found a staircase to the Lair.
  7070 | D:8      | Noticed a gargoyle
  7083 | D:8      | Killed a gargoyle
  7083 | D:8      | Reached skill level 6 in Long Blades
  7099 | D:8      | Noticed Psyche
  7110 | D:8      | Killed Psyche
  7110 | D:8      | Reached * piety under Okawaru
  7110 | D:8      | Reached skill level 7 in Long Blades
  7141 | D:8      | Reached skill level 8 in Long Blades
  7514 | D:8      | Reached skill level 9 in Long Blades
  8179 | D:8      | Reached ** piety under Okawaru
  8281 | D:9      | Found a stormy altar of Qazlal.
  8288 | D:9      | Reached skill level 10 in Long Blades
  8298 | D:9      | Reached XP level 10. HP: 73/80 MP: 11/11
  8443 | D:9      | Reached skill level 11 in Long Blades
  8809 | D:9      | Noticed an ice statue
  9090 | D:10     | Entered Level 10 of the Dungeon
  9126 | D:10     | Noticed a centaur warrior
  9141 | D:10     | Killed a centaur warrior
  9141 | D:10     | Reached *** piety under Okawaru
  9141 | D:10     | Reached skill level 12 in Long Blades
  9274 | D:10     | Noticed a hill giant
  9283 | D:10     | Killed a hill giant
  9283 | D:10     | Reached skill level 13 in Long Blades
  9286 | D:10     | Noticed a cyclops
  9292 | D:10     | Killed a cyclops
  9292 | D:10     | Reached **** piety under Okawaru
  9576 | D:10     | Gained mutation: You can translocate small distances at will. [potion of mutation]
  9576 | D:10     | Gained mutation: You have a pair of horns on your head. [potion of mutation]
  9584 | D:10     | Noticed a gargoyle
  9598 | D:10     | Killed a gargoyle
  9774 | D:10     | Reached skill level 14 in Long Blades
  9779 | D:10     | Reached XP level 11. HP: 63/85 MP: 12/12
  9793 | D:10     | Reached ***** piety under Okawaru
 10267 | D:11     | Received a gift from Okawaru
 10354 | D:11     | Noticed a hill giant
 10355 | D:11     | Noticed Harold
 10374 | D:11     | Killed a hill giant
 10374 | D:11     | Reached skill level 15 in Long Blades
 10391 | D:11     | Killed Harold
 10813 | D:11     | Found a roughly hewn altar of Beogh.
 10862 | D:12     | Noticed a hill giant
 10871 | D:12     | Killed a hill giant
 11054 | D:12     | Noticed a hill giant
 11062 | D:12     | Killed a hill giant
 11333 | D:12     | Reached skill level 5 in Armour
 11562 | D:12     | Found Aluczipn's Magic Scroll Emporium.
 11571 | D:12     | Bought a scroll of identify for 28 gold pieces
 11571 | D:12     | Bought a scroll of identify for 28 gold pieces
 11753 | Lair:1   | Entered Level 1 of the Lair of Beasts
 12449 | Lair:1   | Reached XP level 12. HP: 75/91 MP: 13/13
 12638 | Lair:1   | Received a gift from Okawaru
 13758 | Lair:2   | Found a staircase to the Shoals.
 15038 | Lair:2   | Found a staircase to the Snake Pit.
 15318 | Lair:2   | Gained mutation: Your flesh is heat resistant. (rF+) [potion of beneficial mutation]
 15977 | Lair:3   | Noticed Rupert
 15996 | Lair:3   | Killed Rupert
 15996 | Lair:3   | Received a gift from Okawaru
 15996 | Lair:3   | Reached skill level 10 in Armour
 17586 | Lair:5   | Noticed an eight-headed hydra
 17599 | Lair:5   | Killed an eight-headed hydra
 17599 | Lair:5   | Reached skill level 5 in Shields
 18101 | Lair:5   | Found a staircase to the Slime Pits.
 18280 | Lair:5   | Reached XP level 13. HP: 87/97 MP: 14/14
 18882 | Lair:6   | Entered Level 6 of the Lair of Beasts
 18959 | Lair:6   | Noticed a dire elephant
 18987 | Lair:6   | Killed a dire elephant
 19845 | Lair:5   | Received a gift from Okawaru
 20495 | Lair:6   | Received a gift from Okawaru
 20495 | Lair:6   | Reached skill level 1 in Invocations
 20544 | Lair:6   | Got a translucent falchion {god gift}
 20546 | Lair:6   | Identified the +1 falchion "Waog" {drain, MR- MP+9 Str+3} (Okawaru gifted it to you on level 6 of the Lair of Beasts)
 20915 | Lair:6   | Reached skill level 5 in Invocations
 21518 | Lair:6   | Found a burning altar of Makhleb.
 21589 | Lair:6   | Mangled by a sun demon

Skill      XL: |  1  2  3  4  5  6  7  8  9 10 11 12 13 |
---------------+----------------------------------------+-----
Fighting       | 4 5 6 8 9 11 12 | 12.0
Long Blades    | 10 14 15 | 15.9
Armour         | 7 10 | 10.9
Shields        | 5 9 |  9.1
Invocations    | 7 |  7.3

Action                   |  1- 3 |  4- 6 |  7- 9 | 10-12 | 13-15 || total
-------------------------+-------+-------+-------+-------+-------++-------
Melee: Long sword        |    92 |   171 |   469 |   949 |   312 ||  1993
       Headbutt          |     9 |    31 |   119 |   259 |   162 ||   580
       Falchion          |       |       |       |       |   172 ||   172
Invok: Heroism           |       |       |       |    10 |     8 ||    18
Evoke: Wand              |       |     4 |    12 |     8 |    13 ||    37
  Use: Scroll            |    11 |     6 |     6 |    10 |     7 ||    40
       Potion            |     1 |     2 |     1 |     3 |     3 ||    10
 Stab: Paralysed         |       |     6 |    15 |       |       ||    21
       Distracted        |       |       |       |     2 |       ||     2
       Sleeping          |       |       |       |     2 |     1 ||     3
  Eat: Bread ration      |     1 |       |     1 |       |       ||     2
       Pizza             |       |     2 |       |     1 |       ||     3
       Chunk             |       |     1 |       |       |       ||     1
       Meat ration       |       |       |     3 |     4 |     2 ||     9
       Beef jerky        |       |       |     1 |     1 |       ||     2
       Fruit             |       |       |       |     9 |       ||     9
Armor: Scale mail        |    38 |    47 |   120 |       |       ||   205
       Leather armour    |       |       |    21 |   138 |    80 ||   239
Dodge: Dodged            |    24 |    29 |    97 |   184 |    97 ||   431
Block: Shield            |    68 |   154 |   528 |   621 |   482 ||  1853
       Reflection        |       |     1 |    12 |    17 |       ||    30
       Rpst.: Long sword |    10 |    10 |    24 |    54 |    14 ||   112
       Falchion          |       |       |       |       |    11 ||    11
